 Dungeon Crawl Stone Soup version 0.23-a0-536-g5e0f5a2 (webtiles) character file.

184 MisterFreud the Conjurer (level 5, -5/42 HPs)
             Began as a Naga Fire Elementalist on Dec 6, 2018.
             Was a Follower of Cheibriados.
             Slain by a slave (6 damage)
             ... led by Pikel
             ... on level 4 of the Dungeon.
             The game lasted 00:09:08 (3300 turns).

MisterFreud the Conjurer (Naga Fire Elementalist)   Turns: 3300, Time: 00:09:09

Health: -5/42      AC:  7    Str: 13    XL:     5   Next: 64%
Magic:  8/8        EV: 10    Int: 18    God:    Cheibriados [*.....]
Gold:   203        SH:  0    Dex: 18    Spells: 0/8 levels left

rFire    + . .     SeeInvis +   g - +2 hand axe (distort)
rCold    + . .     Gourm    .   (no shield)
rNeg     . . .     Faith    .   a - +0 robe
rPois    +         Spirit   .   (no helmet)
rElec    +         Reflect  .   b - +1 cloak
rCorr    +         Harm     .   (no gloves)
MR       .....                  (no barding)
Stlth    ++........             (no amulet)
HPRegen  0.14/turn              k - +3 ring of protection
MPRegen  0.11/turn              m - +5 ring of dexterity

@: lethally poisoned (-5 -> -9), resistant, very slow
A: large, see invisible, deformed body, poison resistance, slowness 2, slow
metabolism 1, spit poison 1, AC +1
a: Spit Poison, Bend Time, Renounce Religion


You were on level 4 of the Dungeon.
You worshipped Cheibriados.
Cheibriados was aware of your devotion.
You were hungry.

You visited 1 branch of the dungeon, and saw 4 of its levels.

You collected 203 gold pieces.

Inventory:

Hand Weapons
 g - a +2 hand axe of distortion (weapon)
Missiles
 e - 3 exploding tomahawks
 h - 18 arrows
 i - 144 stones (quivered)
 j - 46 bolts
 l - 20 poisoned needles
 p - 4 tomahawks
Armour
 a - a +0 robe (worn)
 b - a +1 cloak (worn)
Jewellery
 k - a +3 ring of protection (left hand)
 m - a +5 ring of dexterity (right hand)
Wands
 n - a wand of iceblast (3)
Comestibles
 c - 7 rations
 r - 5 chunks of flesh


   Skills:
 - Level 1.5 Dodging
 - Level 3.0 Stealth
 - Level 2.0 Spellcasting
 + Level 4.3 Conjurations
 + Level 4.2 Fire Magic


You couldn't memorise any spells.
You knew the following spells:

 Your Spells              Type           Power        Failure   Level  Hunger
a - Flame Tongue          Conj/Fire      ###..        3%          1    #......
b - Conjure Flame         Conj/Fire      ###.....     10%         3    ###....
c - Sticky Flame          Conj/Fire      ###.....     30%         4    #####..

Your spell library contained the following spells:

 Spells                   Type           Power        Failure   Level  Hunger
 Throw Flame              Conj/Fire      ###...       4%          2    ###....
 Inner Flame              Hex/Fire       #.......     22%         3    ###....
 Fireball                 Conj/Fire      ###.......   65%         5    ######.


Dungeon Overview and Level Annotations

Branches:
Dungeon (4/15)
 Temple: D:4-7

Altars:
Cheibriados
Dithmenos
Fedhas

Annotations:
D:4 Pikel


Innate Abilities, Weirdness & Mutations

You cannot wear boots.
Your serpentine skin is tough. (AC +1)
You have supernaturally acute eyesight. (SInv)
Armour fits poorly on your strangely shaped body.
Your system is resistant to poisons. (rPois)
You cover ground very slowly.
You have a slow metabolism.
You can spit poison.


Message History

Your +1 hand axe of distortion glows red for a moment.
The scorpion stings you.
* * * LOW HITPOINT WARNING * * *
You are poisoned.
The scorpion poisons you! The slave completely misses you.
As you read the scroll labeled EPLEUF FOINIM, it crumbles to dust.
You feel aware of your surroundings.
You sensed 1 shop/portal.
It was a scroll of magic mapping.
* * * LOW HITPOINT WARNING * * *
You feel sick. The scorpion stings you.
* * * LOW HITPOINT WARNING * * *
Unknown command.
You feel protected. The scorpion stings you.
* * * LOW HITPOINT WARNING * * *
The slave hits you.
* * * LOW HITPOINT WARNING * * *
* * * LOW HITPOINT WARNING * * *
You feel sick. The slave hits you.
You die...

,**,* *,**,,,,* *,***#p#######.
,,*,*****,**,,,,* *,* #.........
*,,,,,,,*,*********,* #..p.J....
,,,,,,,,,,,,,,,,,,,,* #...รท.....
,,,,,,,,,,,,******######.$.......
,,,,,,,,,.,,* #p....<........
**,,,,,,,...####* #.#####.......#
*,,,,,,,.......###.# #........)
**,,,,,,.......@psp# #....##.##
*,,,,,,........p..# #....##.#
*,,,,,,...........# #....##.#
***,*****...........# #....##.#
,,,,** *...........# #....##.#*
,,,,,* **.######....#***,,,,*#.,,
,,,*,***,,,* #.....,**,,,,*##**
,,,*,,**,,,* #......,<,,,,,,,,,
,,,**,**,,,* *,,,,,,**,,,,*****


You could see 3 slaves and a scorpion.

Vanquished Creatures
  A slave (D:3)
  An orc wizard (D:4)
  2 gnolls (D:4)
  4 adders (D:2)
  An ooze (D:3)
  2 worms
  4 dart slugs (D:3)
  A leopard gecko (D:1)
  6 orcs (D:3)
  12 bats
  2 giant cockroaches
  5 goblins
  10 hobgoblins
  2 quokkas (D:2)
  4 frilled lizards
  15 kobolds
  8 rats
80 creatures vanquished.

Vanquished Creatures (others)
  A gnoll (D:4)
1 creature vanquished.

Grand Total: 81 creatures vanquished

Notes
Turn   | Place    | Note
-------+----------+-------------------------------------------
     0 | D:1      | MisterFreud the Naga Fire Elementalist began the quest for
                  | the Orb.
     0 | D:1      | Reached XP level 1. HP: 15/15 MP: 3/3
   361 | D:1      | Reached XP level 2. HP: 22/22 MP: 5/5
   917 | D:2      | Reached XP level 3. HP: 28/28 MP: 6/6
  1216 | D:2      | Reached XP level 4. HP: 30/36 MP: 2/7
  1443 | D:2      | Found a shadowy altar of Dithmenos.
  2137 | D:3      | Learned a level 3 spell: Conjure Flame
  2140 | D:3      | Found a snail-covered altar of Cheibriados.
  2154 | D:3      | Became a worshipper of Cheibriados the Contemplative
  2517 | D:3      | Reached XP level 5. HP: 42/42 MP: 4/8
  2571 | D:3      | Reached * piety under Cheibriados
  2633 | D:3      | Found a blossoming altar of Fedhas.
  2919 | D:4      | Noticed a phantom
  2938 | D:4      | Noticed a slave
  2952 | D:3      | Killed a slave
  3149 | D:3      | Learned a level 4 spell: Sticky Flame
  3277 | D:4      | Noticed Pikel
  3278 | D:4      | Noticed a slave
  3279 | D:4      | Noticed a slave
  3280 | D:4      | Noticed a slave
  3299 | D:4      | HP: 2/42 [scorpion (1)]
  3300 | D:4      | Slain by a slave

Vault maps used:
D:1:      wheals_arrival_linesprint
D:2:      minmay_evil_eye, nicolae_dithmenos_through_a_glass_darkly
D:3:      lemuel_round_altar, kennysheep_slug_shrine, first_ration
D:4:      cheibrodos_sewer_entry_bend, uniq_pikel

Skill      XL: |  1  2  3  4  5 |
---------------+----------------+-----
Conjurations   | 2 3 4 |  4.3
Fire Magic     | 4 |  4.2
Dodging        | |  1.5
Stealth        | |  3.0
Spellcasting   | |  2.0

Action                   |  1- 3 |  4- 6 || total
-------------------------+-------+-------++-------
Melee: Unarmed           |       |     2 ||     2
       Hand axe          |       |     9 ||     9
 Cast: Flame Tongue      |    16 |    49 ||    65
       Sticky Flame      |       |     2 ||     2
 Abil: Spit Poison       |    28 |    41 ||    69
  Use: Scroll            |       |     8 ||     8
       Potion            |       |     2 ||     2
  Eat: Chunk             |     2 |     8 ||    10
Armor: Robe              |     6 |    21 ||    27
Dodge: Dodged            |    11 |    31 ||    42

Table legend:
 A = Non-vault XP
 B = Vault XP
 C = Vault XP percentage of total XP
 D = Non-vault monster count
 E = Vault monster count
 F = Vault count percentage of total count
                 A         B        C        D         E       F
            +---------+---------+-------+---------+---------+-------
      Total |     253 |      11 |   4.2 |      77 |       3 |   3.8
            +---------+---------+-------+---------+---------+-------
        D:1 |      32 |       0 |   0.0 |      22 |       0 |   0.0
        D:2 |      85 |       7 |   7.6 |      24 |       2 |   7.7
        D:3 |      62 |       4 |   6.1 |      26 |       1 |   3.7
        D:4 |      74 |       0 |   0.0 |       5 |       0 |   0.0
            +---------+---------+-------+---------+---------+-------
